 Dungeon Crawl Stone Soup version 0.31.0-1-g2c135a008e (webtiles) character file.

Game seed: 13419897304903221055

46 qw the Shooter (level 3, -1/29 HPs)
             Began as a Djinni Hunter on Jan 24, 2024.
             Slain by Grinder (6 damage)
             ... on level 3 of the Dungeon.
             The game lasted 00:00:04 (1769 turns).

qw the Shooter (Djinni Hunter)                      Turns: 1769, Time: 00:00:05

Health: -1/29      AC:  3    Str: 10    XL:     3   Next: 92%
Gold:   108        EV: 12    Int: 10    God:
                   SH:  0    Dex: 18

rFire   + + .        a - +0 shortbow
rCold   x . .        (shield currently unavailable)
rNeg    . . .        c - +0 leather armour
rPois   inf          (no helmet)
rElec   .            (no cloak)
rCorr   .            (no gloves)
SInv    .            (boots unavailable)
Will    .....        (no amulet)
Stlth   ++           (no ring)
HPRegen 0.24/turn    (no ring)
MPRegen 0.00/turn

%: infuse magic (-2 HP)
@: flying
A: sickness immunity, fire resistance 2, cold vulnerability 1, float, innate
caster, HP casting, extra vitality 1
a: no special abilities


You were on level 3 of the Dungeon.
You visited 1 branch of the dungeon, and saw 3 of its levels.

You collected 108 gold pieces.


Innate Abilities, Weirdness & Mutations

You are immune to sickness and miasma.
You are immune to poison.
Your flesh is very heat resistant. (rF++)
You are vulnerable to cold. (rC-)
You float through the air rather than walking.
You learn spells naturally, not from books.
Your magical power is your life essence.
You have superior vitality. (+4 MHP)


   Skills:
 + Level 2.8 Fighting
 - Level 4.0 Ranged Weapons
 - Level 2.1 Dodging
 - Level 0.7 Stealth


You knew the following spells:

 Your Spells              Type           Power      Damage    Failure   Level
a - Kiss of Death         Conj/Necr      0%         2d5       45%         1
Your spell library was empty.

Inventory:

Hand Weapons
 a - a +0 shortbow (weapon)
Armour
 c - a +0 leather armour (worn)
Scrolls
 b - a scroll of identify
Potions
 d - a potion of mutation {unknown}
 e - a potion of heal wounds
 h - 4 potions of curing
 i - a potion of lignification {unknown}

Dungeon Overview and Level Annotations

Branches:
Dungeon (3/15)

Altars:

Annotations:
D:3 Grinder


Message History

The arrow closely misses the ball python.
The ball python bites you. The ball python grabs you.
The ball python constricts you.
You shoot an arrow. The arrow hits the ball python.
You kill the ball python!
You start resting.
HP restored.
A goblin comes into view. It is wielding a +0 club.
Found 12 gold pieces.
Found a stone staircase leading down.
You shoot an arrow. The arrow hits the goblin!
You kill the goblin!
Grinder comes into view.
You shoot an arrow. The arrow hits Grinder.
Grinder is lightly wounded.
You shoot an arrow. The arrow closely misses Grinder.
Grinder blinks!
You shoot an arrow. The arrow closely misses Grinder.
You shoot an arrow.
The arrow hits Grinder but does no damage.
Grinder is lightly wounded.
You shoot an arrow. The arrow hits Grinder.
Grinder is lightly wounded.
Grinder says, "Just stop there for a second..."
You shoot an arrow. The arrow hits Grinder.
Grinder is moderately wounded.
You shoot an arrow. The arrow barely misses Grinder.
Grinder hits you.
You writhe in agony.
Grinder closely misses you.
You shoot an arrow. The arrow hits Grinder.
Grinder is moderately wounded.
Grinder hits you!
You writhe in agony.
You shoot an arrow. The arrow barely misses Grinder.
Grinder closely misses you.
You shoot an arrow. The arrow hits Grinder.
Grinder is heavily wounded.
Grinder closely misses you.
You shoot an arrow. The arrow hits Grinder.
Grinder is heavily wounded.
Grinder hits you.
You writhe in agony.
Grinder hits you!
You writhe in agony.
You die...
Grinder says, "Hey, I wasn't done torturing you yet!"

#...........
##...........
...........>
#...........
#.........$.
#..........)
#...........
#...@5......
#....####### #
#....# # .
###....# #.#
#......#
######.####......#
#.#.#.#.#.#......#
.#.#.#.#.#.##....#
#.#.#.#.#.########


You could see Grinder.

Vanquished Creatures
  An adder (D:2)
  A ribbon worm (D:2)
  2 dart slugs (D:1)
  3 ball pythons
  An endoplasm (D:1)
  3 giant cockroaches
  2 goblins
  2 hobgoblins
  4 kobolds
  2 quokkas
  3 bats (D:1)
  2 frilled lizards (D:2)
  2 rats
28 creatures vanquished.

Notes
Turn   | Place    | Note
-------+----------+-------------------------------------------
     0 | D:1      | qw the Djinni Hunter began the quest for the Orb.
     0 | D:1      | Reached XP level 1. HP: 18/18 MP: 0/0
     0 | D:1      | 0 ||| qw: Version: 0.3-a-136-gdd3b4e8
     0 | D:1      | 0 ||| qw: Game counter: 1339
     0 | D:1      | 0 ||| qw: Melee chars always use a shield: true
     0 | D:1      | 0 ||| qw: God list: Okawaru
     0 | D:1      | 0 ||| qw: Allow faded altars: false
     0 | D:1      | 0 ||| qw: Do Orc after clearing Dungeon:15 true
     0 | D:1      | 0 ||| qw: Do second Lair branch before Depths: true
     0 | D:1      | 0 ||| qw: Lair rune preference: random
     0 | D:1      | 0 ||| qw: Goals: Normal
     0 | D:1      | 0 ||| PLANNING D:1-11
   141 | D:1      | Reached XP level 2. HP: 22/23 MP: 0/0
   274 | D:1      | You are sucked into a shaft and drop 1 floor!
   323 | D:2      | 323 ||| READING scroll labelled CEOXOW VUIL.
   323 | D:2      | 323 ||| ENCHANTING +0 shortbow.
   324 | D:2      | 324 ||| READING 2 scrolls labelled OCUVEACREN.
   324 | D:2      | 324 ||| IDENTIFYING fuming pink potion
   325 | D:2      | 325 ||| READING scroll of identify.
   325 | D:2      | 325 ||| IDENTIFYING green potion
   326 | D:2      | 326 ||| DRINKING 3 fizzy cyan potions.
   327 | D:2      | 327 ||| DROPPING scroll of butterflies.
   328 | D:2      | 328 ||| DROPPING potion of brilliance.
   575 | D:1      | Reached skill level 4 in Ranged Weapons
   575 | D:1      | Reached XP level 3. HP: 20/28 MP: 0/0
   575 | D:1      | Learned a level 1 spell: Kiss of Death
   776 | D:1      | 776 ||| READING scroll labelled IREAZU OCWO.
   777 | D:1      | 777 ||| READING scroll labelled QYBU ZOGITIME.
  1089 | D:2      | HP: 6/29 [ribbon worm (5)]
  1090 | D:2      | 1090 ||| DRINKING 2 potions of heal wounds.
  1758 | D:3      | Noticed Grinder
  1769 | D:3      | HP: 5/29 [Grinder (7)]
  1769 | D:3      | Slain by Grinder

Levels and vault maps discovered:
D:1:      nzn_arrival_depleted_hourglass, layout_basic
D:2:      layout_basic, nicolae_figureground_pulse
D:3:      layout_basic, shapermc_ecumenical_altar_mp_vishouse, uniq_grinder,
          uniq_jessica

Skill      XL: |  1  2 |
---------------+-------+-----
Ranged Weapons | 4 |  4.0
Fighting       | |  2.8
Dodging        | |  2.1
Stealth        | |  0.7

Action                     || total
---------------------------++-------
   Fire: Shortbow          ||   116
    Use: Scroll            ||     5
         Potion            ||     2
 Armour: Leather armour    ||    41
  Dodge: Dodged            ||    43

Table legend:
 A = Non-vault XP
 B = Vault XP
 C = Vault XP percentage of total XP
 D = Non-vault monster count
 E = Vault monster count
 F = Vault count percentage of total count
                 A         B        C        D         E       F
            +---------+---------+-------+---------+---------+-------
      Total |      66 |       0 |   0.0 |      28 |       0 |   0.0
            +---------+---------+-------+---------+---------+-------
        D:1 |      32 |       0 |   0.0 |      16 |       0 |   0.0
        D:2 |      28 |       0 |   0.0 |       9 |       0 |   0.0
        D:3 |       6 |       0 |   0.0 |       3 |       0 |   0.0
            +---------+---------+-------+---------+---------+-------
